 Dungeon Crawl Stone Soup version 0.26-a0-1147-g3780a7a11b (webtiles) character file.

Game seed: 1499295277410015970

72 lmSkywalker the Insei (level 4, -1/35 HPs)
             Began as a Draconian Transmuter on Dec 23, 2020.
             Slain by an orc wizard
             ... wielding a +0 dagger
              (2 damage)
             ... on level 3 of the Dungeon.
             The game lasted 00:07:46 (2164 turns).

lmSkywalker the Insei (Draconian Transmuter)        Turns: 2164, Time: 00:07:47

Health: -1/35      AC:  5    Str: 12    XL:     4   Next: 7%
Magic:  7/7        EV: 12    Int: 10    God:
Gold:   218        SH:  0    Dex: 12    Spells: 6/7 levels left

rFire    . . .     SeeInvis .   h - +4 hunting sling
rCold    . . .     Faith    +   (no shield)
rNeg     . . .     Spirit   .   (armour unavailable)
rPois    .         Reflect  .   (helmet restricted)
rElec    .         Harm     .   (no cloak)
rCorr    .         Rampage  .   (no gloves)
Will     .....                  (no boots)
Stlth    ..........             n - amulet of faith
HPRegen  0.11/turn              a - -4 ring of intelligence (curse)
MPRegen  0.10/turn              j - ring of attention (curse)

@: no status effects
A: unfitting armour, cold-blooded, AC +5
a: no special abilities


You were on level 3 of the Dungeon.
You visited 1 branch of the dungeon, and saw 3 of its levels.

You collected 218 gold pieces.

Inventory:

Hand Weapons
 h - a +4 hunting sling (weapon)
Missiles
 k - 66 stones (quivered ammo)
 l - 19 poisoned darts
Jewellery
 a - a cursed -4 ring of intelligence (left hand)
 f - an uncursed ring of see invisible
 j - a cursed ring of attention (right hand)
 n - an amulet of faith (around neck)
Wands
 c - a wand of disintegration (9)
Scrolls
 m - a scroll of blinking
 r - 2 scrolls of identify
Potions
 b - 2 potions of haste
 d - 3 potions of curing {unknown}
 e - a potion of berserk rage {unknown}
 g - 3 potions of mutation
 i - 2 potions of attraction
 p - a potion of ambrosia {unknown}
 s - a potion of heal wounds {unknown}


   Skills:
 - Level 1.1 Fighting
 + Level 1.4 Slings
 + Level 2.4 Dodging
 - Level 3.5 Unarmed Combat
 - Level 2.0 Spellcasting
 - Level 2.8 Transmutations


You had 6 spell levels left.
You knew the following spells:

 Your Spells              Type           Power        Failure   Level
a - Beastly Appendage     Tmut           12%          10%         1

Your spell library contained the following spells:

 Spells                   Type           Power        Failure   Level
 Wereblood                Tmut           6%           16%         2
 Spider Form              Tmut/Pois      1%           47%         3
 Ice Form                 Ice/Tmut       3%           87%         4
 Blade Hands              Tmut           3%           95%         5


Dungeon Overview and Level Annotations

Branches:
Dungeon (3/15)

Altars:


Innate Abilities, Weirdness & Mutations

Your plain brown scales are hard. (AC +5)
You cannot fit into any form of body armour.
You are cold-blooded and may be slowed by cold attacks.


Message History

Something hits you.
Fire: 69 stones
Press: ? - help, Q - select action, (/) - cycle Shift-Dir - straight line You shoot a stone.
Something hits you.
* * * LOW HITPOINT WARNING * * *
You barely miss something. Something hits you.
* * * LOW HITPOINT WARNING * * *
Fire: 68 stones
Press: ? - help, Q - select action, (/) - cycle Shift-Dir - straight line You shoot a stone.
Something hits you.
* * * LOW HITPOINT WARNING * * *
Something hits you.
* * * LOW HITPOINT WARNING * * *
Fire: 67 stones
Press: ? - help, Q - select action, (/) - cycle Shift-Dir - straight line You shoot a stone.
Something hits you.
You die...

###........#.....
#.......<.....#
##.......#.##.#
#.#..........#
####.##.#..#.#..#
#................
#.##.##....#.#>..
#########.##.##..........
((((((((@.........#..###.
#########.##.##..##..# .
#.##.........# .
#........##### .
########.# .


There were no monsters in sight!

Vanquished Creatures
  An adder (D:2)
  2 oozes (D:2)
  A worm (D:2)
  2 dart slugs
  3 leopard geckos
  2 orcs (D:3)
  7 bats
  4 giant cockroaches
  3 goblins
  4 hobgoblins
  3 jackals (D:1)
  3 frilled lizards (D:2)
  2 kobolds
  6 rats
43 creatures vanquished.

Notes
Turn   | Place    | Note
-------+----------+-------------------------------------------
     0 | D:1      | lmSkywalker the Draconian Transmuter began the quest for
                  | the Orb.
     0 | D:1      | Reached XP level 1. HP: 16/16 MP: 3/3
   301 | D:1      | Reached XP level 2. HP: 15/23 MP: 1/5
  1220 | D:2      | Reached XP level 3. HP: 26/28 MP: 6/6
  1601 | D:2      | Reached skill level 1 in Slings
  2144 | D:3      | Reached XP level 4. HP: 35/35 MP: 7/7
  2163 | D:3      | HP: 1/35 [something (2)]
  2164 | D:3      | Slain by an orc wizard

Illustrated notes

Levels and vault maps discovered:
D:1:      heliophobic_arrival_battle_scene, layout_loops_corners,
          minmay_misc_feat_rows
D:2:      layout_basic
D:3:      layout_loops_ring, chequers_ecumenical_altar_island

Skill      XL: |  1  2  3 |
---------------+----------+-----
Dodging        | 2 |  2.4
Slings         | 1 |  1.4
Fighting       | |  1.1
Unarmed Combat | |  3.5
Spellcasting   | |  2.0
Transmutations | |  2.8

Action                   |  1- 3 |  4- 6 || total
-------------------------+-------+-------++-------
Melee: Unarmed           |    36 |       ||    36
       Headbutt          |     6 |       ||     6
       Tailslap          |     2 |       ||     2
       Kick              |     6 |       ||     6
       Punch             |     1 |       ||     1
       Hunting sling     |       |     2 ||     2
 Fire: Hunting sling     |    67 |    18 ||    85
 Cast: Beastly Appendage |     9 |       ||     9
  Use: Scroll            |     8 |       ||     8
Armor: Skin              |    16 |     1 ||    17
Dodge: Dodged            |    45 |       ||    45

Table legend: (Time is in decaauts)
 A = Elapsed time spent in this place.
 B = Non-inter-level travel time spent in this place.
 C = Inter-level travel time spent in this place.
 D = Time resting spent in this place.
 E = Time spent auto-exploring this place.
 F = Levels seen in this place.
 G = Mean time per level.
                   A        B        C        D        E       F      G
               +--------+--------+--------+--------+--------+-----+--------+
         Total |   2173 |   2113 |     60 |      0 |   1564 |   3 |  724.3 |
       Dungeon |   2173 |   2113 |     60 |      0 |   1564 |   3 |  724.3 |
               +--------+--------+--------+--------+--------+-----+--------+

Top non-repeatable levels by time:
     D:1: 1190 daAuts
     D:2: 697 daAuts
     D:3: 284 daAuts
